Map: Dusty Gorge

Players

IBuildCannon

  • Race: Protoss Protoss
  • League: Silver
  • Spawn Location: 5:00

Zero

  • Race: Terran Terran
  • Spawn Location: 3:00

Infamous - Winner!

  • Race: Protoss Protoss
  • League: Bronze
  • Spawn Location: 9:00

Poseidon - Winner!

  • Race: Protoss Protoss
  • League: Diamond
  • Spawn Location: 11:00

VOD

Have the link to the VOD?

Description

Time

  • Played on: March 8, 2018, 10:59 a.m.
  • Length: 8:09
Show
View Real Time Build Order
Export as new Build Order

IBuildCannon Protoss 

Build Orders:  

Get SALT Encoding   

  12  0:22  Probe (Chrono Boost)  
  12  0:23  Pylon  
  13  0:32  Probe (Chrono Boost)  
  14  0:37  Probe (Chrono Boost)  
  15  0:46  Forge  
  15  0:53  Pylon  
  15  1:21  Photon Cannon  
  15  1:23  Photon Cannon  
  15  1:32  Probe  
  16  1:44  Probe, Pylon  
  16  1:46  Pylon  
  16  2:20  Photon Cannon  
  16  2:22  Photon Cannon  
  16  2:23  Photon Cannon  
  16  2:28  Probe (Chrono Boost)  
  17  2:32  Assimilator  
  18  2:38  Probe (Chrono Boost)  
  17  2:51  Gateway  
  17  2:54  Photon Cannon  
  17  2:57  Probe (Chrono Boost)  
  18  3:24  Probe  
  19  3:29  Gateway  
  19  3:39  Zealot (Chrono Boost)  
  21  3:43  Protoss Ground Weapons Level 1  
  21  4:02  Nexus  
  21  4:12  Probe (Chrono Boost)  
  22  4:19  Cybernetics Core  
  22  4:21  Pylon  
  22  4:48  Gateway  
  22  4:49  Gateway  
  22  5:04  Pylon  
  10  6:43  Nexus  
Show
View Real Time Build Order
Export as new Build Order

Zero Terran 

Build Orders:  

Get SALT Encoding   

  12  0:01  SCV  
  13  0:13  SCV  
  14  0:20  Supply Depot  
  14  0:28  Refinery  
  14  0:36  SCV  
  15  0:49  Barracks  
  15  0:55  SCV  
  16  1:07  SCV  
  17  1:12  Engineering Bay  
  17  1:19  SCV  
  18  1:30  Supply Depot  
  18  1:31  SCV  
  19  1:36  Marine  
  20  1:48  Barracks  
  20  1:54  Marine  
  21  2:12  Marine  
  21  2:30  Marine  
  22  2:48  Marine  
  23  2:53  Terran Infantry Weapons Level 1  
  23  2:57  Engineering Bay  
  23  2:58  SCV  
  24  3:03  Marine  
  25  3:06  Marine  
  25  3:10  SCV  
  25  3:21  Marine  
  25  3:22  SCV  
  25  3:24  Marine  
  28  3:34  SCV  
  28  3:41  Marine  
  29  4:02  Marine  
  30  4:19  Marine  
  31  4:48  Marine  
  28  4:53  Command Center  
  15  5:06  Marine  
  12  5:15  Marine  
  12  5:24  Marine  
  13  5:33  Marine  
  14  5:50  Marine  
  14  5:54  Orbital Command  
  15  6:08  Marine, SCV  
  17  6:14  Marine  
  18  6:20  SCV  
  19  6:26  Marine  
  19  6:32  Marine  
  21  6:33  SCV  
  22  6:45  SCV  
  23  6:48  SCV  
  23  6:50  Marine  
  25  6:57  SCV  
  26  7:08  Marine  
  26  7:09  SCV  
  27  7:25  Supply Depot  
  21  7:46  Marine  
Show
View Real Time Build Order
Export as new Build Order

Infamous Protoss - Winner!

Build Orders:  

Get SALT Encoding   

  12  0:01  Probe  
  13  0:13  Probe  
  14  0:22  Pylon  
  14  0:25  Probe (Chrono Boost)  
  15  0:38  Probe (Chrono Boost)  
  15  0:42  Gateway  
  16  0:50  Probe  
  17  1:02  Assimilator  
  17  1:03  Probe (Chrono Boost)  
  18  1:15  Probe (Chrono Boost)  
  19  1:24  Probe  
  19  1:30  Cybernetics Core  
  19  1:32  Zealot  
  22  1:41  Probe  
  23  1:52  Assimilator  
  23  1:59  Probe  
  21  2:05  Zealot  
  18  2:17  Shield Battery  
  18  2:32  Stalker  
  13  2:46  Probe  
  14  2:58  Probe  
  10  3:10  Probe  
  8  4:39  Nexus  
  8  5:58  Assimilator  
  8  6:09  Probe (Chrono Boost)  
  9  6:35  Probe  
  10  6:47  Probe  
  10  6:49  Pylon  
  11  7:05  Probe (Chrono Boost)  
  11  7:06  Pylon  
  12  7:15  Probe (Chrono Boost)  
  13  7:32  Probe  
  13  7:36  Gateway  
  14  7:47  Probe  
Show
View Real Time Build Order
Export as new Build Order

Poseidon Protoss - Winner!

Build Orders: Zealot Archon, Dark Templar Rush 

Get SALT Encoding   

  12  0:01  Probe  
  13  0:13  Probe  
  14  0:20  Pylon  
  14  0:36  Probe  
  14  0:40  Gateway  
  15  0:42  Assimilator  
  15  0:47  Assimilator  
  15  0:52  Probe (Chrono Boost)  
  16  1:01  Probe (Chrono Boost)  
  17  1:06  Probe (Chrono Boost)  
  18  1:18  Probe (Chrono Boost)  
  19  1:21  Pylon  
  19  1:27  Cybernetics Core  
  19  1:28  Probe (Chrono Boost)  
  20  1:40  Probe  
  21  1:49  Gateway  
  21  2:08  Warp Gate (Chrono Boost)  
  21  2:10  Probe  
  22  2:23  Robotics Facility, Twilight Council  
  22  2:24  Probe  
  23  2:41  Probe  
  24  2:53  Pylon  
  24  3:10  Dark Shrine  
  24  3:11  Warp Prism  
  26  3:19  Gateway  
  26  3:24  Pylon  
  26  3:35  Adept x2  
  26  3:39  Probe  
  31  3:56  Probe  
  32  4:37  Probe  
  33  4:43  Dark Templar x3  
  39  4:53  Nexus  
  39  5:21  Dark Templar x3  
  39  5:28  Probe  
  46  5:31  Pylon  
  46  5:40  Probe  
  47  5:56  Archon  
  47  6:00  Dark Templar x2  
  47  6:02  Zealot  
  47  6:43  Probe (Chrono Boost)  
  47  6:44  Probe (Chrono Boost)  
  49  6:55  Probe (Chrono Boost)  
  49  6:56  Probe (Chrono Boost)  
  49  6:59  Immortal  
  55  7:02  Probe (Chrono Boost)  
  55  7:03  Probe (Chrono Boost)  
  57  7:11  Gateway  
  57  7:12  Gateway  
  57  7:16  Gateway x2  
  57  7:19  Pylon  
  57  7:20  Probe  
  57  7:21  Probe, Pylon  
  59  7:25  Pylon  
  59  7:29  Assimilator  
  59  7:33  Probe, Assimilator  
  59  7:36  Pylon  
  60  7:39  Pylon  
  64  7:50  Stargate  
  61  7:52  Stargate  
  61  7:58  Cybernetics Core  
  61  8:00  Pylon  
Tags
 
Add a new tag
Caveats
  • Supply blocks, unpowered buildings, or Contaminate may cause inaccurate times.
  • Supply counts are checked every 10 seconds.